 Dungeon Crawl Stone Soup version 0.29-a0-817-g9904bce7a6 (webtiles) character file.

Game seed: 12647086731705916979

450 gobodom the Cudgeller (level 7, -1/44 HPs)
             Began as a Gargoyle Fighter on July 5, 2022.
             Was a High Priest of Ignis.
             Killed from afar by Dowan (3 damage)
             ... with a shard of ice
             ... on level 4 of the Dungeon.
             The game lasted 00:06:57 (3439 turns).

gobodom the Cudgeller (Gargoyle Fighter)            Turns: 3439, Time: 00:06:57

Health: -1/44      AC: 15    Str: 19    XL:     7   Next: 4%
Magic:  7/7        EV:  7    Int:  9    God:    Ignis [*****.]
Gold:   145        SH:  4    Dex: 11    Spells: 6/6 levels left

rFire   + . .      SeeInvis .   a - +0 flail
rCold   . . .      Faith    .   c - +0 buckler
rNeg    + . .      Spirit   .   n - +0 chain mail
rPois   ∞          Reflect  .   (no helmet)
rElec   +          Harm     .   (no cloak)
rCorr   .          Rampage  .   m - +0 pair of gloves
Will    .....                   (no boots)
Stlth   ..........              (no amulet)
HPRegen 0.14/turn               (no ring)
MPRegen 0.10/turn               (no ring)

@: mighty
A: sickness immunity, AC +4, negative energy resistance 1, electricity
resistance, torment resistance 1, petrification resistance
a: Renounce Religion, Fiery Armour, Foxfire Swarm, Rising Flame


You were on level 4 of the Dungeon.
You worshipped Ignis.
Ignis was extremely pleased with you.
You visited 1 branch of the dungeon, and saw 4 of its levels.

You collected 145 gold pieces.

Inventory:

Hand Weapons
 a - a +0 flail (weapon)
 o - a +1 dagger of venom
Missiles
 f - a poisoned dart (quivered)
Armour
 c - a +0 buckler (worn)
 m - a +0 pair of gloves (worn)
 n - a +0 chain mail (worn)
Wands
 r - a wand of iceblast (7)
Scrolls
 g - a scroll of immolation {unknown}
 i - 3 scrolls of identify {unknown}
 k - 4 scrolls of enchant weapon {unknown}
 p - a scroll of silence {unknown}
 q - a scroll of fear {unknown}
 u - a scroll of enchant armour {unknown}
 v - a scroll of poison {unknown}
 w - a scroll of teleportation {unknown}
Potions
 b - 2 potions of flight {unknown}
 d - a potion of might
 e - 3 potions of heal wounds {unknown}
 h - 4 potions of attraction {unknown}
 j - a potion of brilliance {unknown}
 l - a potion of haste {unknown}
 s - a potion of magic {unknown}
 t - a potion of cancellation {unknown}


   Skills:
 + Level 4.4 Fighting
 + Level 4.9 Maces & Flails
 + Level 2.0 Throwing
 + Level 4.5 Armour
 + Level 1.1 Dodging
 + Level 0.7 Stealth
 + Level 3.7 Shields


You had 6 spell levels left.
You didn't know any spells.
Your spell library was empty.

Dungeon Overview and Level Annotations

Branches:
Dungeon (4/15)
 Temple: D:4-7

Altars:
Ignis

Shops:
D:1 (

Annotations:
D:4 Dowan


Innate Abilities, Weirdness & Mutations

You are immune to sickness and miasma.
Your stone body is resilient. (AC +4)
You are immune to poison.
You resist negative energy. (rN+)
You are resistant to electric shocks. (rElec)
You are resistant to unholy torment.
You are immune to petrification.


Message History

Dowan casts a spell.
Dowan blinks!
You thump the hobgoblin!
You kill the hobgoblin!
You hit the ogre but do no damage. The ogre barely misses you.
You hit the ogre.
The ogre is lightly wounded.
The ogre hits you with a +0 giant club!
You are too injured to fight recklessly!
You sock the ogre!
The ogre is heavily wounded.
The ogre hits you with a +0 giant club!
* * * LOW HITPOINT WARNING * * *
You feel very mighty all of a sudden. You block the ogre's attack.
You completely miss the ogre.
The ogre is heavily wounded.
Dowan breathes, "And she was my only..."
You sock the ogre!
The ogre is almost dead.
The ogre hits you with a +0 giant club!
* * * LOW HITPOINT WARNING * * *
You sock the ogre!
You kill the ogre!
Dowan hits you but does no damage.
You have reached level 7!
You hit Dowan.
Dowan is lightly wounded.
Dowan hits you but does no damage.
You barely miss Dowan.
Dowan is lightly wounded.
Dowan says, "How can I live without her?"
Dowan casts a spell at you. The stone arrow misses you.
Dowan mumbles some strange words.
Dowan blinks!
Dowan hits you but does no damage. Dowan gestures at you while chanting.
The shard of ice hits you.
You die...

.. . ...# ## #.<.#
###. .#.# ...#...
#.(.# #)# . #. #.#
.###. #@#### ..##.
#.e..# #.##. ###..#
#.##. #.## #.##. #.#
####.#.. #.#
#.......
#####.#######.##.#..
#..........#.#.#.##.
#.###.####..###..##.


You could see Dowan (fast).

Vanquished Creatures
  Duvessa (D:4)
  An ogre (D:4)
  A phantom (D:4)
  A scorpion (D:4)
  An orc wizard (D:4)
  5 adders
  2 worms (D:2)
  4 dart slugs
  3 orcs (D:4)
  8 ball pythons
  5 endoplasms
  6 giant cockroaches
  6 goblins
  3 hobgoblins
  3 quokkas
  3 bats
  A frilled lizard (D:1)
  3 kobolds
  2 rats
59 creatures vanquished.

Notes
Turn   | Place    | Note
-------+----------+-------------------------------------------
     0 | D:1      | gobodom the Gargoyle Fighter began the quest for the Orb.
     0 | D:1      | Reached XP level 1. HP: 14/14 MP: 1/1
   703 | D:1      | Reached XP level 2. HP: 18/19 MP: 2/2
  1473 | D:1      | Found Neclygus's Weapon Boutique.
  1627 | D:2      | Reached XP level 3. HP: 24/24 MP: 3/3
  1715 | D:2      | Reached skill level 1 in Throwing
  1826 | D:2      | Reached XP level 4. HP: 29/29 MP: 4/4
  2088 | D:2      | Found a faded altar of an unknown god.
  2228 | D:2      | Prayed at the altar of an unknown god.
  2228 | D:2      | Became a worshipper of Ignis, the Dying Flame
  2970 | D:4      | Noticed a scorpion
  2999 | D:4      | Killed a scorpion
  3000 | D:4      | Reached XP level 5. HP: 22/33 MP: 5/5
  3281 | D:4      | Noticed a phantom
  3292 | D:4      | Killed a phantom
  3293 | D:4      | Reached XP level 6. HP: 24/38 MP: 6/6
  3409 | D:4      | Noticed Dowan
  3409 | D:4      | Noticed Duvessa
  3426 | D:4      | Killed Duvessa
  3427 | D:4      | Reached skill level 1 in Dodging
  3435 | D:4      | HP: 1/38 [ogre/+0 giant club (11)]
  3437 | D:4      | Reached XP level 7. HP: 1/44 MP: 7/7
  3439 | D:4      | Killed from afar by Dowan

Illustrated notes

Levels and vault maps discovered:
D:1:      kennysheep_arrival_forest, layout_loops_corners, serial_shops,
          nicolae_shop_hallway_plus
D:2:      layout_rooms, shapermc_ecumenical_altar_mp_highgroup
D:3:      layout_loops_ring
D:4:      layout_loops_ring, uniq_duvessa

Skill      XL: |  1  2  3  4  5  6 |
---------------+-------------------+-----
Throwing       | 1 2 |  2.0
Maces & Flails | 3 4 |  4.9
Armour         | 4 |  4.5
Fighting       | 4 |  4.4
Dodging        | 1 |  1.1
Stealth        | |  0.7
Shields        | |  3.7

Action                   |  1- 3 |  4- 6 |  7- 9 || total
-------------------------+-------+-------+-------++-------
Melee: Flail             |    81 |   151 |     2 ||   234
Throw: Dart              |    43 |    31 |       ||    74
       Throwing net      |       |     4 |       ||     4
  Use: Potion            |       |     1 |       ||     1
Armor: Scale mail        |    45 |     7 |       ||    52
       Chain mail        |       |    97 |     2 ||    99
Dodge: Dodged            |    38 |    51 |     1 ||    90
Block: Buckler           |    29 |    28 |       ||    57

Table legend: (Time is in decaauts)
 A = Elapsed time spent in this place.
 B = Non-inter-level travel time spent in this place.
 C = Inter-level travel time spent in this place.
 D = Time resting spent in this place.
 E = Time spent auto-exploring this place.
 F = Levels seen in this place.
 G = Mean time per level.
                   A        B        C        D        E       F      G
               +--------+--------+--------+--------+--------+-----+--------+
         Total |   3508 |   3403 |    105 |      0 |   2699 |   4 |  877.0 |
       Dungeon |   3508 |   3403 |    105 |      0 |   2699 |   4 |  877.0 |
               +--------+--------+--------+--------+--------+-----+--------+

Top non-repeatable levels by time:
     D:1: 1642 daAuts
     D:3: 694 daAuts
     D:2: 647 daAuts
     D:4: 524 daAuts
